 Dungeon Crawl Stone Soup version 0.16-a0-3926-g4728e1c (webtiles) character file.

4792 timbw the Carver (level 10, -2/81 HPs)
             Began as a Human Fighter on Feb 5, 2015.
             Was an Elder of Okawaru.
             Killed by Ozocubu's Refrigeration
             ... invoked by Fannar
              (17 damage)
             ... on level 11 of the Dungeon.
             The game lasted 00:17:01 (3621 turns).

timbw the Carver (Human Fighter)                    Turns: 3621, Time: 00:17:02

Health: -2/81      AC: 16    Str: 22    XL:     10   Next: 76%
Magic:  0/10       EV: 11    Int: 10    God:    Okawaru [****..]
Gold:   256        SH:  0    Dex: 18    Spells: 0 memorised, 9 levels left

rFire  . . .     SeeInvis .     v - +0 great sword
rCold  . . .     Clarity  .     r - +1 plate armour
rNeg   . . .     SustAb   .     (no shield)
rPois  .         Gourm    .     u - +0 helmet
rElec  .         Spirit   +     (no cloak)
rCorr  .         Warding  .     (no gloves)
rMut   .         Stasis   .     (no boots)
MR     .....                    w - amulet of guardian spirit
Stlth  ..........               (no ring)
                                c - ring of flight

@: mighty, heroism, not resistant to hostile enchantments, extremely unstealthy
A: agile 1, clever 1, regeneration 1
a: Heroism, Renounce Religion, Evoke Flight


You were on level 11 of the Dungeon.
You worshipped Okawaru.
Okawaru was greatly pleased with you.
You were hungry.

You visited 2 branches of the dungeon, and saw 12 of its levels.
You also visited: Sewer.

You collected 256 gold pieces.

Inventory:

Hand weapons
 a - a +1 long sword
 v - a +0 great sword (weapon)
Missiles
 y - 2 steel javelins (quivered)
Armour
 b - a +0 scale mail
 n - a +0 chain mail
 r - a +1 plate armour (worn)
 u - a +0 helmet (worn)
Jewellery
 c - a ring of flight (left hand)
 w - an amulet of guardian spirit (around neck)
 z - an uncursed amulet of resist mutation
Magical devices
 f - a wand of draining (8)
 i - a wand of confusion (48)
 B - a wand of random effects (35)
Scrolls
 k - 4 scrolls of remove curse
 p - 2 scrolls of enchant weapon
 t - 2 scrolls of noise
 x - a scroll of blinking
 G - a scroll of identify
Potions
 g - 2 potions of lignification
 h - a potion of ambrosia
 m - a potion of magic
 o - a potion of haste
 s - a potion of cancellation
 C - a potion of invisibility {unknown}
 D - a potion of curing {unknown}
 F - a potion of agility {unknown}
Miscellaneous
 E - a phial of floods
Comestibles
 d - 3 bread rations
 j - a slice of pizza
 q - 2 royal jellies
 A - 2 chunks of flesh


   Skills:
 + Level 8.3(13.3) Fighting
 * Level 12.0(17.0) Long Blades
 + Level 4.4(9.4) Armour
 + Level 2.8(7.8) Dodging
   Level 3.0(8.0) Shields


You had 9 spell levels left.
You didn't know any spells.

Dungeon Overview and Level Annotations

Branches:
Dungeon (11/15)            Temple (1/1) D:6
   Lair: D:8-11         Orc: D:9-12

Altars:
Ashenzari
Cheibriados
Dithmenos
Elyvilon
Gozag
Makhleb
Nemelex Xobeh
Okawaru
Qazlal
Ru
Trog
Vehumet
Xom
Yredelemnul
Zin
The Shining One

Shops:
D:9 %

Portals:
Trove: D:11 (give +3 fire dragon armour)

Annotations:
D:11 Fannar


Innate Abilities, Weirdness & Mutations

You are agile. (Dex +2)
Your mind is acute. (Int +2)
Your natural rate of healing is unusually fast.


Message History

Unknown command.
Drink which item? (? for menu, Esc to quit)
You feel much better. Fannar barely misses you.
The ice beast barely misses you.
Drink which item? (? for menu, Esc to quit)
You feel very mighty all of a sudden.
You slash Fannar!
Fannar is moderately wounded.
Fannar gestures wildly while chanting.
Fannar drains the heat from the surrounding environment!
You feel very cold.
* * * LOW HITPOINT WARNING * * *
Fannar is frozen.
Fannar resists.
You miss Fannar.
Fannar is moderately wounded.
The ice beast closely misses you.
Fannar gestures wildly while chanting.
Fannar drains the heat from the surrounding environment!
You feel very cold.
You die...

.##+##+#####+
.........#...
..........+...
##+######'####+
#..............
###+#........[.....
#...#..............
+...'..............
#e@.#..............
#Y###..............
#.........#+####+####
+.........#
#.........+
#.........#
#.....#+### #.....+
+.....#


You could see Fannar and an ice beast.

Vanquished Creatures
  A vault guard (D:11)
  A hill giant (D:10)
  Pikel (D:8)
  A centaur skeleton (D:10)
  A troll (D:10)
  2 deep elf magi
  Edmund (D:4)
  The ghost of ConnectionFaild the Ruffian, an average VSMo (D:4)
  A black bear (D:9)
  4 ogres
  2 orc warriors
  A wasp (D:9)
  A big kobold (D:9)
  7 giant frogs
  A scorpion (D:9)
  A crimson imp (D:6)
  A centaur zombie (D:9)
  An orc priest (D:6)
  3 jellies
  A quasit (D:7)
  2 giant frog skeletons
  An iguana (D:4)
  3 worker ants
  3 orc wizards
  Ijyb (D:4)
  Robin (D:4)
  8 adders
  A river rat (D:3)
  2 shadow imps
  5 giant mites
  A worm (D:3)
  An adder skeleton (D:9)
  7 giant geckos
  18 orcs
  3 ball pythons
  11 giant cockroaches
  11 hobgoblins
  15 kobolds
  A quokka (D:5)
  6 bats
  A giant gecko skeleton (D:4)
  7 giant newts
  16 goblins
  8 rats
  2 ballistomycetes (D:4)
168 creatures vanquished.

Vanquished Creatures (others)
  A quasit (D:8)
  A giant spore (D:4)
2 creatures vanquished.

Grand Total: 170 creatures vanquished

Notes
Turn   | Place    | Note
--------------------------------------------------------------
     0 | D:1      | timbw, the Human Fighter, began the quest for the Orb.
     0 | D:1      | Reached XP level 1. HP: 18/18 MP: 1/1
   106 | D:1      | Reached XP level 2. HP: 6/24 MP: 2/2
   255 | D:2      | Reached XP level 3. HP: 13/29 MP: 3/3
   266 | D:2      | Found a snail-covered altar of Cheibriados.
   268 | D:2      | Found a shadowy altar of Dithmenos.
   269 | D:2      | Found an iron altar of Okawaru.
   271 | D:2      | Found a shattered altar of Ashenzari.
   271 | D:2      | Found a glowing silver altar of Zin.
   303 | D:2      | Became a worshipper of Warmaster Okawaru
   534 | D:3      | Reached XP level 4. HP: 31/35 MP: 4/4
   539 | D:3      | Reached skill level 4 in Long Blades
   900 | D:3      | Reached XP level 5. HP: 26/41 MP: 5/5
   907 | D:3      | Found a glowing drain.
   911 | Sewer    | Entered a sewer
   962 | Sewer    | Reached skill level 5 in Long Blades
  1254 | Sewer    | Acquired Okawaru's first power
  1254 | Sewer    | Reached XP level 6. HP: 36/47 MP: 6/6
  1425 | D:4      | Reached skill level 6 in Long Blades
  1433 | D:4      | Noticed ConnectionFaild's ghost (average VSMo)
  1453 | D:4      | Killed ConnectionFaild's ghost
  1453 | D:4      | Reached XP level 7. HP: 29/54 MP: 5/7
  1524 | D:4      | Noticed Edmund
  1535 | D:4      | Killed Edmund
  1544 | D:4      | Reached skill level 7 in Long Blades
  1572 | D:4      | Noticed Ijyb
  1576 | D:4      | Noticed Robin
  1599 | D:4      | Killed Ijyb
  1630 | D:4      | Killed Robin
  1850 | D:5      | Entered Level 5 of the Dungeon
  2081 | D:6      | Gained mutation: Your mind is acute. (Int +2) [potion of mutation]
  2081 | D:6      | Gained mutation: Your natural rate of healing is unusually fast. [potion of mutation]
  2081 | D:6      | Gained mutation: You are agile. (Dex +2) [potion of mutation]
  2082 | D:6      | Gained mutation: Your flesh is heat resistant. [potion of mutation]
  2082 | D:6      | Lost mutation: Your flesh is heat resistant. [potion of mutation]
  2124 | D:6      | Found a staircase to the Ecumenical Temple.
  2129 | D:6      | Reached XP level 8. HP: 61/61 MP: 8/8
  2187 | Temple   | Entered the Ecumenical Temple
  2359 | D:6      | Reached skill level 5 in Fighting
  2413 | D:6      | Reached skill level 8 in Long Blades
  2558 | D:8      | Noticed Pikel
  2584 | D:8      | Killed Pikel
  2584 | D:8      | Reached skill level 9 in Long Blades
  2584 | D:8      | Reached XP level 9. HP: 65/69 MP: 9/9
  2681 | D:9      | Found a bloodstained altar of Trog.
  2759 | D:9      | Reached skill level 10 in Long Blades
  2974 | D:9      | Found a sacrificial altar of Ru.
  2974 | D:9      | Found a white marble altar of Elyvilon.
  2975 | D:9      | Found a glowing golden altar of the Shining One.
  2995 | D:9      | Found Itatwif's Food Emporium.
  3024 | D:9      | Found an opulent altar of Gozag.
  3152 | D:9      | Reached skill level 11 in Long Blades
  3191 | D:10     | Entered Level 10 of the Dungeon
  3250 | D:10     | Noticed a troll
  3264 | D:10     | Killed a troll
  3264 | D:10     | Reached XP level 10. HP: 36/80 MP: 5/10
  3332 | D:10     | Noticed a hill giant
  3343 | D:10     | Killed a hill giant
  3343 | D:10     | Received a gift from Okawaru
  3343 | D:10     | Reached skill level 1 in Dodging
  3408 | D:10     | Noticed a centaur skeleton
  3417 | D:10     | Killed a centaur skeleton
  3523 | D:11     | Noticed a vault guard
  3542 | D:11     | Killed a vault guard
  3542 | D:11     | Reached skill level 12 in Long Blades
  3548 | D:11     | Found a portal to a secret trove of treasure.
  3593 | D:11     | Noticed Fannar
  3621 | D:11     | Killed from afar by Fannar

Action                   |  1- 3 |  4- 6 |  7- 9 | 10-12 || total
-------------------------+-------+-------+-------+-------++-------
Melee: Long sword        |   119 |   168 |   452 |    39 ||   778
       Great sword       |       |       |       |    48 ||    48
Invok: Heroism           |       |     1 |    10 |     4 ||    15
  Use: Scroll            |     4 |     3 |    11 |     1 ||    19
       Potion            |       |       |     3 |     4 ||     7
 Stab: Distracted        |       |       |     1 |       ||     1
  Eat: Chunk             |       |     2 |     8 |     1 ||    11
